 Dungeon Crawl Stone Soup version 0.30-a0-364-gf6b3ef1049 (webtiles) character file.

Game seed: 2642169634775436121

6099 garrulousMonolith the Carver (level 10, 0/66 (79) HPs)
             Began as a Gnoll Reaver on Nov 15, 2022.
             Was an Elder of Cheibriados.
             Slain by an orc warrior
             ... wielding a +0 long sword
              (4 damage)
             ... on level 9 of the Dungeon.
             The game lasted 00:14:35 (9256 turns).

garrulousMonolith the Carver (Gnoll Reaver)         Turns: 9256, Time: 00:14:35

HP:   0/66 (79)     AC: 24    Str: 20    XL:     10   Next: 88%
MP:   20/21         EV: 13    Int: 29    God:    Cheibriados [****..]
Gold: 204           SH:  0    Dex: 25    Spells: 14/24 levels left

rFire   . . .      SeeInvis .    I - +4 long sword
rCold   . . .      Faith    +    (no shield)
rNeg    . . .      Spirit   .    J - +10 chain mail of Zeosmeih {rPois Int+3}
rPois   +          Reflect  .    (no helmet)
rElec   .          Harm     .    k - +2 cloak
rCorr   +          Rampage  .    (no gloves)
Will    .....                    G - +0 pair of boots of Leaves {Dex+5}
Stlth   +.........               F - amulet of faith
HPRegen 0.31/turn                t - ring of poison resistance
MPRegen 0.17/turn                H - ring of resist corrosion

@: heavily drained, very slow
A: fangs 1, strong nose, distributed training
a: Renounce Religion, Bend Time, Temporal Distortion, Slouch


You were on level 9 of the Dungeon.
You worshipped Cheibriados.
Cheibriados was greatly pleased with you.
You visited 1 branch of the dungeon, and saw 9 of its levels.

You collected 538 gold pieces.
You spent 334 gold pieces at shops.

Inventory:

Hand Weapons
 e - a +0 sling
 y - a +7 trident of pain
 B - a +3 whip of electrocution
 I - a +4 long sword (weapon)
Missiles
 p - 17 poisoned darts (quivered)
 z - 5 javelins
 K - 3 throwing nets
Armour
 k - a +2 cloak (worn)
 m - the +0 robe of Relativism {*Corrode rElec rF++ rC-}
   (You found it on level 7 of the Dungeon)

   rF:        It greatly protects you from fire.
   rC:        It makes you vulnerable to cold.
   rElec:     It insulates you from electricity.
   *Corrode:  It may corrode you when you take damage.
 r - a +1 ring mail
 G - the +0 pair of boots of Leaves (worn) {Dex+5}
   (You bought it in a shop on level 2 of the Dungeon)

   Dex:       It affects your dexterity (+5).
 J - the +10 chain mail of Zeosmeih (worn) {rPois Int+3}
   (You took it off a gnoll on level 7 of the Dungeon)

   Int:       It affects your intelligence (+3).
   rPois:     It protects you from poison.
Magical Staves
 b - a staff of air
 w - a staff of death
Jewellery
 a - a ring of flight
 t - a ring of poison resistance (left hand)
 F - an amulet of faith (around neck)
 H - a ring of resist corrosion (right hand)
Wands
 c - a wand of iceblast (12)
 s - a wand of polymorph (6)
Scrolls
 g - 3 scrolls of enchant armour
 h - a scroll of fear
 i - 2 scrolls of poison
 j - 2 scrolls of enchant weapon
 l - a scroll of torment
 n - a scroll of summoning
 o - a scroll of vulnerability
 u - 3 scrolls of amnesia
 x - 2 scrolls of teleportation
Potions
 d - a potion of degeneration {unknown}
 f - 2 potions of curing
 q - 2 potions of might
 v - 3 potions of cancellation
 A - a potion of magic {unknown}
 C - 4 potions of flight
 D - a potion of ambrosia {unknown}
 L - a potion of brilliance {unknown}


   Skills:
 + Level 7.5 Fighting
 + Level 5.9 Short Blades
 + Level 8.9 Long Blades
 + Level 5.9 Axes
 + Level 5.9 Maces & Flails
 + Level 5.9 Polearms
 + Level 5.9 Staves
 + Level 5.9 Ranged Weapons
 + Level 5.9 Throwing
 + Level 5.9 Armour
 + Level 7.5 Dodging
 + Level 5.9 Stealth
 + Level 5.9 Shields
 + Level 5.9 Unarmed Combat
 + Level 7.8 Spellcasting
 + Level 7.4 Conjurations
 + Level 4.9 Hexes
 + Level 4.9 Summonings
 + Level 4.9 Necromancy
 + Level 4.9 Translocations
 + Level 4.9 Transmutations
 + Level 4.9 Fire Magic
 + Level 4.9 Ice Magic
 + Level 4.9 Air Magic
 + Level 4.9 Earth Magic
 + Level 4.9 Poison Magic
 + Level 6.5 Invocations
 + Level 5.9 Evocations


You had 14 spell levels left.
You knew the following spells:

 Your Spells              Type           Power      Damage    Failure   Level
a - Kiss of Death         Conj/Necr      100%       2d13      3%          1
b - Momentum Strike       Conj/Tloc      94%        3d10      4%          2
c - Apportation           Tloc           78%        N/A       5%          1
d - Hailstorm             Conj/Ice       47%        3d11      10%         3
e - Inner Flame           Hex/Fire       39%        N/A       17%         3

Your spell library contained the following spells:

 Spells                   Type           Power      Damage    Failure   Level
 Call Canine Familiar     Summ           39%        N/A       17%         3
 Gell's Gravitas          Tloc           39%        N/A       17%         3
 Lesser Beckoning         Tloc           78%        N/A       17%         3
 Portal Projectile        Hex/Tloc       78%        N/A       17%         3
 Teleport Other           Tloc           39%        N/A       17%         3
 Cause Fear               Hex            19%        N/A       50%         4
 Leda's Liquefaction      Hex/Erth       19%        N/A       50%         4
 Manifold Assault         Tloc           39%        N/A       50%         4
 Alistair's Intoxication  Tmut/Pois      26%        N/A       83%         5
 Dispersal                Tloc           19%        N/A       100%        6
 Dragon Form              Tmut           19%        N/A       100%        7
 Discord                  Hex            19%        N/A       100%        8
 Disjunction              Tloc           19%        N/A       100%        8
 Dragon's Call            Summ           19%        N/A       100%        9


Dungeon Overview and Level Annotations

Branches:
Dungeon (9/15)             Temple (0/1) D:6
   Lair: D:8-11         Orc: D:9-12

Altars:
Ashenzari
Cheibriados
Dithmenos
Elyvilon
Nemelex Xobeh
Qazlal
Ru
Trog
Uskayaw
Xom
Yredelemnul
The Shining One

Shops:
D:1 *   D:2 *

Annotations:
D:3 2 transporters


Innate Abilities, Weirdness & Mutations

You have very sharp teeth.
Your uncanny sense of smell can sniff out nearby items.
Your experience applies equally to all skills.


Message History

The orc warrior shoots a bolt.
The bolt closely misses you.
You slash the orc priest! Your bite misses the orc priest.
The orc priest is severely wounded.
The orc priest hits you with a +0 mace.
* * * LOW HITPOINT WARNING * * *
The orc warrior shoots a bolt.
The bolt closely misses you.
You slash the orc priest!
You kill the orc priest!
Cheibriados thoroughly appreciates the change of pace.
The orc warrior shoots a bolt.
The bolt hits you.
* * * LOW HITPOINT WARNING * * *
The orc warrior shoots a bolt.
The bolt hits you but does no damage.
The orc warrior unwields a +0 arbalest.
The orc warrior wields a +0 long sword.
The orc warrior misses you.
The orc warrior hits you but does no damage.
You hit the orc warrior but do no damage.
The orc warrior hits you but does no damage.
You hit the orc warrior but do no damage.
Your bite misses the orc warrior.
The orc warrior hits you with a +0 long sword!
* * * LOW HITPOINT WARNING * * *
You slash the orc warrior!
The orc warrior is severely wounded.
The orc warrior misses you.
You hit the orc warrior.
The orc warrior is almost dead.
The orc warrior hits you with a +0 long sword.
* * * LOW HITPOINT WARNING * * *
Okay, then.
Casting: Kiss of Death (safe; 3% risk of failure)
Confirm with . or Enter, or press ? or * to list all spells.
Aiming: Kiss of Death (safe; 3% risk of failure)
Press: ? - help, Shift-Dir - straight line, f - orc warrior
Aim: an orc warrior, wielding a +0 long sword and wearing a +0 plate armour (almost dead, 100% to hit)
The negative energy hits the orc warrior but does no damage.
The orc warrior is drained!
The orc warrior is almost dead.
You feel drained.
The orc warrior hits you with a +0 long sword.
You die...

...## .... ..$ #.
## #..## ... #..
.... .. #...
#.##..##.##
..##..##...o......
#.........@[.#
...#.....).###
.......#...##
...#....)...#
.!....))....#
..#........#
#.#.>....####.
#.#...........
##........# $.#


You could see an orc warrior (drained).

Vanquished Creatures
  2 two-headed ogres (D:8)
  A cyclops (D:7)
  A slime creature (D:7)
  Sigmund (D:2)
  A yak (D:8)
  4 steam dragons
  Menkaure (D:7)
  An ice beast (D:7)
  2 water moccasins
  An orc warrior (D:7)
  A black bear (D:7)
  4 sky beasts
  2 ogres
  2 centaurs (D:8)
  2 phantoms
  2 kobold brigands
  4 scorpions
  3 bullfrogs
  A necrophage (D:7)
  3 gnoll sergeants
  A wight (D:7)
  5 killer bees
  A howler monkey (D:9)
  2 jellies
  2 hounds (D:7)
  Crazy Yiuf (D:6)
  7 orc priests
  2 gnoll boudas
  Natasha (thrice) (D:3)
  6 iguanas
  3 orc wizards
  17 gnolls
  6 adders
  A shadow imp (D:5)
  3 white imps
  An ufetubus (D:5)
  2 dart slugs
  2 worms (D:2)
  33 orcs
  4 endoplasms
  3 giant cockroaches
  5 goblins
  5 hobgoblins
  9 kobolds
  A quokka (D:1)
  6 ball pythons
  8 bats
  A frilled lizard (D:1)
  3 rats
  A butterfly (D:8)
183 creatures vanquished.

Vanquished Creatures (others)
  A fungus (D:6)
  2 plants (D:4)
3 creatures vanquished.

Grand Total: 186 creatures vanquished

Notes
Turn   | Place    | Note
-------+----------+-------------------------------------------
     0 | D:1      | garrulousMonolith the Gnoll Reaver began the quest for the
                  | Orb.
     0 | D:1      | Reached XP level 1. HP: 20/20 MP: 6/6
   271 | D:1      | Reached XP level 2. HP: 21/26 MP: 7/7
   325 | D:1      | Learned a level 2 spell: Momentum Strike
   457 | D:1      | Found a faded altar of an unknown god.
   780 | D:1      | Found Zympae's General Store.
   787 | D:1      | Reached skill level 5 in Spellcasting
   787 | D:1      | Reached XP level 3. HP: 29/31 MP: 7/9
   807 | D:1      | Bought a scroll of identify for 26 gold pieces
  1048 | D:2      | Reached skill level 1 in Invocations
  1058 | D:2      | Found Qomal's General Store.
  1089 | D:2      | Reached skill level 1 in Short Blades
  1089 | D:2      | Reached skill level 1 in Axes
  1089 | D:2      | Reached skill level 1 in Maces & Flails
  1089 | D:2      | Reached skill level 1 in Polearms
  1089 | D:2      | Reached skill level 1 in Staves
  1089 | D:2      | Reached skill level 1 in Ranged Weapons
  1089 | D:2      | Reached skill level 1 in Throwing
  1089 | D:2      | Reached skill level 1 in Armour
  1089 | D:2      | Reached skill level 1 in Stealth
  1089 | D:2      | Reached skill level 1 in Shields
  1089 | D:2      | Reached skill level 1 in Unarmed Combat
  1089 | D:2      | Reached skill level 1 in Evocations
  1089 | D:2      | Reached XP level 4. HP: 31/36 MP: 9/11
  1197 | D:2      | Reached skill level 1 in Hexes
  1197 | D:2      | Reached skill level 1 in Summonings
  1197 | D:2      | Reached skill level 1 in Necromancy
  1197 | D:2      | Reached skill level 1 in Translocations
  1197 | D:2      | Reached skill level 1 in Transmutations
  1197 | D:2      | Reached skill level 1 in Fire Magic
  1197 | D:2      | Reached skill level 1 in Ice Magic
  1197 | D:2      | Reached skill level 1 in Air Magic
  1197 | D:2      | Reached skill level 1 in Earth Magic
  1197 | D:2      | Reached skill level 1 in Poison Magic
  1291 | D:2      | Noticed Sigmund
  1334 | D:2      | Killed Sigmund
  1335 | D:2      | Reached XP level 5. HP: 13/43 MP: 10/12
  1335 | D:2      | Reached XP level 6. HP: 16/50 MP: 11/14
  1755 | D:2      | Learned a level 1 spell: Apportation
  1759 | D:2      | Learned a level 3 spell: Hailstorm
  1779 | D:3      | Reached skill level 5 in Fighting
  1779 | D:3      | Reached skill level 5 in Dodging
  1826 | D:3      | Found a transporter.
  1844 | D:3      | Found a transporter.
  1889 | D:3      | Noticed Natasha
  1904 | D:3      | Killed Natasha
  1963 | D:3      | Found a stormy altar of Qazlal.
  1995 | D:3      | Noticed Natasha
  2005 | D:3      | Killed Natasha
  2318 | D:4      | Noticed a sky beast
  2345 | D:4      | Killed a sky beast
  2360 | D:4      | Found a snail-covered altar of Cheibriados.
  2485 | D:4      | Reached skill level 7 in Long Blades
  2485 | D:4      | Reached XP level 7. HP: 28/56 MP: 15/15
  2840 | D:5      | Entered Level 5 of the Dungeon
  3004 | D:4      | Became a worshipper of Cheibriados the Contemplative
  3582 | D:5      | Reached XP level 8. HP: 53/63 MP: 16/16
  3768 | D:5      | Found a hide-covered altar of Uskayaw.
  3768 | D:5      | Found a sacrificial altar of Ru.
  4089 | D:5      | Reached * piety under Cheibriados
  4243 | D:5      | Found a glowing golden altar of the Shining One.
  4243 | D:5      | Found a sparkling altar of Nemelex Xobeh.
  4250 | D:5      | Found a white marble altar of Elyvilon.
  4252 | D:5      | Found a basalt altar of Yredelemnul.
  4254 | D:5      | Found a bloodstained altar of Trog.
  4494 | D:6      | Found a broken altar of Ashenzari.
  4517 | D:6      | Found a staircase to the Ecumenical Temple.
  4710 | D:6      | Found a shadowy altar of Dithmenos.
  5071 | D:6      | Found a runed translucent door.
  5072 | D:6      | Noticed Crazy Yiuf
  5079 | D:6      | Killed Crazy Yiuf
  5160 | D:3      | Noticed Natasha
  5172 | D:3      | Killed Natasha
  5198 | D:2      | Bought the +0 pair of boots of Leaves {Dex+5} for 308 gold
                  | pieces
  5395 | D:7      | Identified the +0 robe of Relativism {*Corrode rElec rF++
                  | rC-}
  5656 | D:7      | Noticed Menkaure
  5662 | D:7      | Learned a level 3 spell: Inner Flame
  5675 | D:7      | Killed Menkaure
  5912 | D:7      | Reached XP level 9. HP: 58/69 MP: 18/18
  6245 | D:7      | Identified the +10 chain mail of Zeosmeih {rPois Int+3}
  6280 | D:7      | Noticed a cyclops
  6291 | D:7      | Reached ** piety under Cheibriados
  6585 | D:7      | Reached skill level 8 in Long Blades
  6599 | D:7      | Reached skill level 5 in Invocations
  6773 | D:7      | Killed a cyclops
  6959 | D:7      | Reached skill level 5 in Short Blades
  6959 | D:7      | Reached skill level 5 in Axes
  6959 | D:7      | Reached skill level 5 in Maces & Flails
  6959 | D:7      | Reached skill level 5 in Polearms
  6959 | D:7      | Reached skill level 5 in Staves
  6959 | D:7      | Reached skill level 5 in Ranged Weapons
  6959 | D:7      | Reached skill level 5 in Throwing
  6959 | D:7      | Reached skill level 5 in Armour
  6959 | D:7      | Reached skill level 5 in Stealth
  6959 | D:7      | Reached skill level 5 in Shields
  6959 | D:7      | Reached skill level 5 in Unarmed Combat
  6959 | D:7      | Reached skill level 5 in Evocations
  6959 | D:7      | Reached XP level 10. HP: 66/77 MP: 20/20
  7017 | D:8      | Found a shimmering altar of Xom.
  7150 | D:8      | Noticed a two-headed ogre
  7173 | D:8      | Killed a two-headed ogre
  7173 | D:8      | Reached *** piety under Cheibriados
  7990 | D:8      | Reached **** piety under Cheibriados
  8665 | D:9      | Noticed a two-headed ogre
  8733 | D:8      | Killed a two-headed ogre
  9256 | D:9      | Slain by an orc warrior

Illustrated notes

Levels and vault maps discovered:
D:1:      nzn_arrival_depleted_hourglass, layout_basic,
          shapermc_ecumenical_altar_starsandcircs, serial_shops, shop_statue,
          kennysheep_decorative_pillar
D:2:      layout_rooms, serial_shops, nicolae_shop_behind_doors,
          minmay_misc_feat_x, dk_vineyard_3, uniq_sigmund
D:3:      gammafunk_steamed_eel, layout_rooms, nicolae_qazlal_scattered_showers,
          uniq_natasha
D:4:      layout_rooms, nicolae_overflow_crystal_walls, hex_tiny,
          serial_bayou_lake_a
D:5:      layout_layer_cave, jmf_multi_god_temple,
          chequers_temple_overflow_minitemple
D:6:      layout_loops_cross, mainiacjoe_overflow_catch_the_wave,
          minmay_temple_entry_stoned_glass, serial_glass, glass_columns_a,
          glass_columns_a, uniq_crazy_yiuf_cottage
D:7:      kennysheep_windowed_halls, layout_rooms, uniq_menkaure
D:8:      layout_basic, xom_butterflies, minmay_circle_x
D:9:      wander_river, layout_rooms, minmay_fire_ice_demons

Skill      XL: |  1  2  3  4  5  6  7  8  9 10 |
---------------+-------------------------------+-----
Spellcasting   | 5 6 7 |  7.8
Invocations    | 1 2 3 4 5 6 |  6.5
Short Blades   | 1 2 3 5 |  5.9
Axes           | 1 2 3 5 |  5.9
Maces & Flails | 1 2 3 5 |  5.9
Polearms       | 1 2 3 5 |  5.9
Staves         | 1 2 3 5 |  5.9
Ranged Weapons | 1 2 3 5 |  5.9
Throwing       | 1 2 3 5 |  5.9
Armour         | 1 2 3 5 |  5.9
Stealth        | 1 2 3 5 |  5.9
Shields        | 1 2 3 5 |  5.9
Unarmed Combat | 1 2 3 5 |  5.9
Evocations     | 1 2 3 5 |  5.9
Hexes          | 1 2 3 4 |  4.9
Summonings     | 1 2 3 4 |  4.9
Necromancy     | 1 2 3 4 |  4.9
Translocations | 1 2 3 4 |  4.9
Transmutations | 1 2 3 4 |  4.9
Fire Magic     | 1 2 3 4 |  4.9
Ice Magic      | 1 2 3 4 |  4.9
Air Magic      | 1 2 3 4 |  4.9
Earth Magic    | 1 2 3 4 |  4.9
Poison Magic   | 1 2 3 4 |  4.9
Fighting       | 5 6 7 |  7.5
Dodging        | 5 6 7 |  7.5
Long Blades    | 7 8 |  8.9
Conjurations   | 6 7 |  7.4

Action                   |  1- 3 |  4- 6 |  7- 9 | 10-12 || total
-------------------------+-------+-------+-------+-------++-------
Melee: Falchion          |    84 |   106 |       |       ||   190
       Bite              |     5 |    11 |    36 |    33 ||    85
       Whip              |       |    47 |   339 |    95 ||   481
       Punch             |       |     3 |     8 |    11 ||    22
       Long sword        |       |       |       |   105 ||   105
Throw: Dart              |       |     3 |     8 |       ||    11
 Cast: Kiss of Death     |     1 |     1 |       |     3 ||     5
       Momentum Strike   |       |     1 |       |     1 ||     2
       Hailstorm         |       |       |     2 |     4 ||     6
Invok: Bend Time         |       |       |     1 |       ||     1
       Slouch            |       |       |       |     1 ||     1
Evoke: Wand              |       |       |     1 |       ||     1
  Use: Scroll            |     1 |       |    15 |     6 ||    22
       Potion            |       |     5 |     4 |     4 ||    13
 Stab: Sleeping          |       |     1 |     1 |       ||     2
       Distracted        |       |       |     1 |       ||     1
Armor: Leather armour    |    12 |       |       |       ||    12
       Chain mail        |    22 |       |     5 |   201 ||   228
       Scale mail        |     4 |    20 |       |       ||    24
       Ring mail         |       |    71 |   135 |       ||   206
Dodge: Dodged            |    33 |    64 |   217 |   229 ||   543

Table legend: (Time is in decaauts)
 A = Elapsed time spent in this place.
 B = Non-inter-level travel time spent in this place.
 C = Inter-level travel time spent in this place.
 D = Time resting spent in this place.
 E = Time spent auto-exploring this place.
 F = Levels seen in this place.
 G = Mean time per level.
                   A        B        C        D        E       F      G
               +--------+--------+--------+--------+--------+-----+--------+
         Total |  10570 |  10135 |    435 |   2746 |   5389 |   9 | 1174.4 |
       Dungeon |  10570 |  10135 |    435 |   2746 |   5389 |   9 | 1174.4 |
               +--------+--------+--------+--------+--------+-----+--------+

Top non-repeatable levels by time:
     D:8: 2435 daAuts
     D:5: 1958 daAuts
     D:7: 1850 daAuts
     D:6: 991 daAuts
     D:1: 938 daAuts
     D:2: 884 daAuts
     D:4: 716 daAuts
     D:3: 492 daAuts
     D:9: 302 daAuts
